 Seeded DCSS version 0.29-a0-1009-g60c99734e7 (webtiles) character file.

Game seed: 20220808 (custom seed)

29 purpskrrrp the Sneak (level 3, -4/21 HPs)
             Began as an Octopode Enchanter on Aug 8, 2022.
             Constricted to death by Ijyb (6 damage)
             ... on level 3 of the Dungeon.
             The game lasted 00:04:16 (1689 turns).

purpskrrrp the Sneak (Octopode Enchanter)           Turns: 1689, Time: 00:04:17

Health: -4/21      AC:  1    Str:  7    XL:     3   Next: 16%
Magic:  0/6        EV: 11    Int: 17    God:
Gold:   19         SH:  0    Dex: 18    Spells: 6/6 levels left

rFire   . . .      SeeInvis .   f - +7 quick blade "Naseqair" {vorpal, Dex+4}
rCold   . . .      Faith    .   (no shield)
rNeg    . . .      Spirit   +   (helmet restricted)
rPois   .          Reflect  .   k - amulet of guardian spirit
rElec   .          Harm     .   (no ring)
rCorr   .          Rampage  .   (no ring)
Will    .....                   (no ring)
Stlth   ++++......              (no ring)
HPRegen 0.07/turn               (no ring)
MPRegen 0.10/turn               (no ring)
                                (no ring)
                                (no ring)

@: grasped by roots, constricted, invisible
A: almost no armour, amphibious, 8 rings, camouflage 1, gelatinous body 1,
(nimble swimmer 1), tentacles
a: no special abilities


You were on level 3 of the Dungeon.
You visited 1 branch of the dungeon, and saw 3 of its levels.

You collected 63 gold pieces.
You spent 44 gold pieces at shops.

Inventory:

Hand Weapons
 a - a +1 dagger
 d - a +2 whip of venom
 f - the +7 quick blade "Naseqair" (weapon) {vorpal, Dex+4}
   (You acquired it on level 1 of the Dungeon)

   It inflicts extra damage upon your enemies.
   Dex:       It affects your dexterity (+4).
Missiles
 h - 2 poisoned darts (quivered)
Jewellery
 k - an amulet of guardian spirit (around mantle)
Scrolls
 g - a scroll of enchant armour {unknown}
 j - a scroll of blinking {unknown}
 o - a scroll of identify
 p - a scroll of summoning {unknown}
 q - a scroll of teleportation {unknown}
Potions
 b - a potion of invisibility
 c - a potion of might
 e - a potion of curing {unknown}
 i - 2 potions of attraction
 l - a potion of brilliance {unknown}
 m - a potion of mutation {unknown}
 n - a potion of magic {unknown}
 r - a potion of resistance {unknown}


   Skills:
 + Level 1.6 Short Blades
 + Level 2.4 Dodging
 * Level 5.0 Stealth
 - Level 2.0 Spellcasting
 - Level 3.0 Hexes


You had 6 spell levels left.
You didn't know any spells.
Your spell library contained the following spells:

 Spells                   Type           Power      Damage    Failure   Level
 Ensorcelled Hibernation  Hex/Ice        12%        N/A       16%         2
 Confusing Touch          Hex            11%        N/A       17%         3
 Tukima's Dance           Hex            11%        N/A       17%         3
 Dazzling Flash           Conj/Hex       12%        N/A       30%         3


Dungeon Overview and Level Annotations

Branches:
Dungeon (3/15)

Altars:

Shops:
D:2 *

Annotations:
D:3 Ijyb


Innate Abilities, Weirdness & Mutations

You cannot wear most types of armour.
You are amphibious.
You can wear up to eight rings at the same time.
Your skin changes colour to match your surroundings (Stealth+).
Your rubbery body absorbs attacks. (AC +1, EV +1)
((You are camouflaged when in or above water. (Stealth+)))
You have tentacles for arms and can constrict up to eight enemies at once.


Message History

You see here a +0 leather armour.
Done exploring.
Done exploring.
There is a stone staircase leading down here.
You climb downwards.
There is a stone staircase leading up here.
Ijyb the Twisted Goblin comes into view.
She is wielding a +0 dagger and carrying a wand of roots (9).
A goblin comes into view. It is wielding a +0 dagger.
Ijyb shouts!
The goblin shouts!
A hobgoblin comes into view.
Ijyb zaps a wand.
The roots erupt in riotous growth!
The grasping roots grab you! The grasping roots constrict you!
You hear a bark! x2; The hobgoblin shouts!
You hear a bark!
You escape the roots grasp.
Found 5 stones.
A jackal comes into view.
Ijyb hits you with a +0 dagger.
You completely miss Ijyb. Your grab misses Ijyb. You closely miss Ijyb.
You grab Ijyb. You constrict Ijyb, but do no damage.
Ijyb zaps a wand.
The roots erupt in riotous growth!
The grasping roots grab you!
Ijyb is unaffected.
The grasping roots constrict you.
You are too injured to fight recklessly!
You are too injured to fight recklessly!
You are too injured to fight recklessly!
You are too injured to fight recklessly!
You puncture Ijyb!
Ijyb is moderately wounded.
You constrict Ijyb, but do no damage. You hit Ijyb.
Ijyb is heavily wounded.
You constrict Ijyb, but do no damage. Ijyb hits you with a +0 dagger.
* * * LOW HITPOINT WARNING * * *
The grasping roots constrict you.
* * * LOW HITPOINT WARNING * * *
A jackal comes into view.
You fade into invisibility!
You constrict Ijyb, but do no damage. Ijyb closely misses you.
The grasping roots constrict you!
You die...

###### #....#
#.##.# #.##.#
#.##.# #.##.#
#.##.#
##########.##.##
#....g@....#<..#
h...h.g.....#...#
............#.#.#
(......g....#.#.#
............#.#.#
#...........#.#.#
#...........#...#
+..........####.#


You could see Ijyb (unable to see you), 2 jackals, a hobgoblin (unable to see
you) and a goblin (unable to see you).

Vanquished Creatures
  2 bats (D:1)
  3 endoplasms
  3 giant cockroaches
  2 goblins (D:1)
  A hobgoblin (D:1)
  4 jackals (D:2)
  3 kobolds
  A quokka (D:1)
  2 ball pythons (D:1)
  A frilled lizard (D:2)
  2 rats (D:1)
24 creatures vanquished.

Notes
Turn   | Place    | Note
-------+----------+-------------------------------------------
     0 | D:1      | purpskrrrp the Octopode Enchanter began the quest for the
                  | Orb.
     0 | D:1      | Reached XP level 1. HP: 11/11 MP: 3/3
   335 | D:1      | Reached XP level 2. HP: 17/17 MP: 5/5
   958 | D:1      | Identified a scroll of acquirement
   958 | D:1      | Acquired the +7 quick blade "Naseqair" {vorpal, Dex+4}
  1096 | D:2      | Found a faded altar of an unknown god.
  1329 | D:2      | Found Wigg's General Store.
  1343 | D:2      | Reached XP level 3. HP: 20/21 MP: 6/6
  1344 | D:2      | Reached skill level 5 in Stealth
  1361 | D:2      | Bought a scroll of identify for 22 gold pieces
  1361 | D:2      | Bought a scroll of identify for 22 gold pieces
  1680 | D:3      | Noticed Ijyb
  1689 | D:3      | Constricted to death by Ijyb

Illustrated notes

Levels and vault maps discovered:
D:1:      sevenhm_arrival_forest_fort_small_4, layout_loops_cross
D:2:      layout_basic, serial_shops, shop, basic_ecumenical_altar
D:3:      wad_river_or_something, layout_basic, uniq_jessica, uniq_sigmund,
          uniq_ijyb, uniq_robin

Skill      XL: |  1  2  3 |
---------------+----------+-----
Stealth        | 5 |  5.0
Short Blades   | |  1.6
Dodging        | |  2.4
Spellcasting   | |  2.0
Hexes          | |  3.0

Action                   || total
-------------------------++-------
Melee: Dagger            ||    31
       Constrict         ||     9
       Tentacles         ||     5
       Punch             ||     2
       Quick blade       ||    14
  Use: Scroll            ||     3
       Potion            ||     1
 Stab: Sleeping          ||    10
Armor: Skin              ||     8
Dodge: Dodged            ||    17

Table legend: (Time is in decaauts)
 A = Elapsed time spent in this place.
 B = Non-inter-level travel time spent in this place.
 C = Inter-level travel time spent in this place.
 D = Time resting spent in this place.
 E = Time spent auto-exploring this place.
 F = Levels seen in this place.
 G = Mean time per level.
                   A        B        C        D        E       F      G
               +--------+--------+--------+--------+--------+-----+--------+
         Total |   1681 |   1643 |     38 |      0 |   1462 |   3 |  560.3 |
       Dungeon |   1681 |   1643 |     38 |      0 |   1462 |   3 |  560.3 |
               +--------+--------+--------+--------+--------+-----+--------+

Top non-repeatable levels by time:
     D:1: 975 daAuts
     D:2: 681 daAuts
     D:3: 24 daAuts
